 Dungeon Crawl Stone Soup version 0.19.1 (webtiles) character file.

508 manu the Cutter (level 7, -1/47 HPs)
             Began as a Halfling Berserker on Dec 1, 2016.
             Was a Believer of Trog.
             Slain by a river rat (4 damage)
             ... summoned by Eustachio
             ... on level 4 of the Dungeon.
             The game lasted 00:52:18 (4368 turns).

manu the Cutter (Halfling Berserker)                Turns: 4368, Time: 00:52:19

Health: -1/47      AC:  6    Str: 19    XL:     7   Next: 42%
Magic:  7/7        EV: 11    Int:  5    God:    Trog [**....]
Gold:   137        SH:  4    Dex: 15    Spells: 0 memorised, 6 levels left

rFire  . . .     SeeInvis .     Q - +0 rod of ignition (12/12)
rCold  . . .     Gourm    .     F - +0 chain mail
rNeg   . . .     Faith    .     R - +0 buckler
rPois  .         Spirit   .     (helmet restricted)
rElec  .         Reflect  .     (no cloak)
rCorr  .         Harm     .     Y - +0 pair of gloves
MR     ++...                    (no boots)
Stlth  ..........               g - amulet of inaccuracy (curse)
                                (no ring)
                                (no ring)

@: exhausted, regenerating
A: beak, deformed body, mutation resistance 1
a: Berserk, Trog's Hand, Burn Spellbooks, Renounce Religion


You were on level 4 of the Dungeon.
You worshipped Trog.
Trog was pleased with you.
You were very hungry.

You visited 1 branch of the dungeon, and saw 4 of its levels.

You collected 137 gold pieces.

Inventory:

Hand Weapons
 a - a +1 falchion
 e - a -2 short sword
 k - a +1 dagger of freezing
 l - a +0 dagger
 m - a +0 dagger
 p - a +0 mace
 t - a +0 war axe
 u - a +0 club
 v - a cursed +0 flail
 w - a +0 rapier
 A - a +0 club
 B - a +0 club
 D - a +0 dagger
 E - a +0 war axe
 H - a +1 antimagic quarterstaff
 I - a +0 dagger
 K - a +0 dagger
 M - a +0 flail
 N - a +0 halberd
 O - a +0 halberd
 P - a +0 whip
 T - a +0 dagger
 X - a +0 giant club
Missiles
 d - 83 stones (quivered)
 h - 23 bolts
 x - a throwing net
 U - 10 arrows
Armour
 f - a +0 leather armour
 F - a +0 chain mail (worn)
 J - a +0 robe
 L - a +0 robe
 R - a +0 buckler (worn)
 S - a +0 leather armour
 W - a +0 ring mail
 Y - a +0 pair of gloves (worn)
 Z - a +0 scale mail
Rods
 Q - a +0 rod of ignition (12/12) (in hand)
   (You found it on level 3 of the Dungeon)
Jewellery
 g - a cursed amulet of inaccuracy (around neck)
Scrolls
 s - a scroll of fear
Comestibles
 c - 4 bread rations
 o - a meat ration
 q - a royal jelly
 V - 6 chunks of flesh


   Skills:
 + Level 3.6 Fighting
 + Level 4.5(5.2) Short Blades
 + Level 3.2(4.1) Long Blades
 + Level 1.4 Staves
 + Level 1.2 Throwing
 + Level 3.8 Armour
 + Level 4.0 Dodging
 + Level 1.4 Stealth


You had 6 spell levels left.
You didn't know any spells.

Dungeon Overview and Level Annotations

Branches:
Dungeon (4/15)
 Temple: D:4-7

Altars:

Annotations:
D:4 Eustachio


Innate Abilities, Weirdness & Mutations

You are small and have problems with some larger weapons.
You are somewhat resistant to further mutation.
You have a beak for a mouth.
Armour fits poorly on your strangely shaped body.


Message History

Eustachio blinks!
The bat hits you but does no damage.
Your +1 dagger of freezing stops glowing.
Q - a +0 rod of ignition (12/12) (in hand)
You feel yourself speed up. The bat hits you but does no damage.
You block the river rat's attack. The bat closely misses you.
The white imp shouts, "Run away, thou froward unchin-snouted boar-pig!"
You block the white imp's attack. The quokka barely misses you.
Really attack while wielding your +0 rod of ignition (12/12)?
You closely miss the river rat.
The river rat is heavily wounded.
The bat hits you but does no damage. x2; The quokka barely misses you.
The bat hits you but does no damage. The river rat bites you.
* * * LOW HITPOINT WARNING * * *
Eustachio gestures wildly while chanting.
Eustachio blinks!
The quokka barely misses you.
You clumsily bash the river rat but do no damage.
The river rat is heavily wounded.
The bat closely misses you. The river rat bites you.
You die...

.......#
##..##
........#
#...#
....##...
##.รท##
....# #..
#...## ...##
#. ##...#
...# ##...##
#.....#
##5..(.#
##@r5.### .
##.r.###
...####..(##
........b##
#....^.(##
##..@..##
##.... ##.(.
##..


You could see Eustachio, a crimson imp, a river rat, a white imp, a quokka and a
bat.

Vanquished Creatures
  A sky beast (D:4)
  An ogre (D:4)
  2 orc wizards (D:3)
  An iguana (D:4)
  Ijyb (D:3)
  2 worker ants
  6 gnolls
  3 adders
  An ooze (D:4)
  3 worms
  2 dart slugs
  A leopard gecko (D:4)
  4 orcs (D:3)
  3 giant cockroaches
  6 hobgoblins
  9 jackals
  3 quokkas
  A ball python (D:2)
  4 bats
  4 frilled lizards
  9 goblins
  5 kobolds
  8 rats
80 creatures vanquished.

Notes
Turn   | Place    | Note
-------+----------+-------------------------------------------
     0 | D:1      | manu the Halfling Berserker began the quest for the Orb.
     0 | D:1      | Reached XP level 1. HP: 15/15 MP: 1/1
   619 | D:1      | Reached XP level 2. HP: 20/20 MP: 2/2
  1118 | D:2      | Reached XP level 3. HP: 17/25 MP: 3/3
  1445 | D:2      | Gained mutation: You have a beak for a mouth. [potion of beneficial mutation]
  1651 | D:2      | Reached skill level 1 in Short Blades
  1669 | D:2      | Reached skill level 1 in Throwing
  1720 | D:2      | Reached XP level 4. HP: 20/30 MP: 4/4
  1994 | D:2      | Reached ** piety under Trog
  2512 | D:3      | Reached XP level 5. HP: 24/36 MP: 5/5
  2601 | D:3      | Reached skill level 1 in Stealth
  2877 | D:3      | Reached XP level 6. HP: 35/42 MP: 6/6
  2878 | D:3      | Noticed Ijyb
  2924 | D:3      | Killed Ijyb
  3296 | D:4      | Noticed a sky beast
  3317 | D:4      | Killed a sky beast
  3920 | D:4      | Noticed an ogre
  3934 | D:4      | Killed an ogre
  3934 | D:4      | Reached skill level 1 in Staves
  3934 | D:4      | Reached XP level 7. HP: 40/47 MP: 7/7
  3973 | D:4      | Reached *** piety under Trog
  4238 | D:4      | Gained mutation: Armour fits poorly on your strangely shaped body. [potion of mutation]
  4255 | D:4      | Noticed Eustachio
  4364 | D:4      | HP: 1/47 [Eustachio/rapier (2)]
  4366 | D:4      | Identified a +0 rod of ignition (12/12) (You found it on level 3 of the Dungeon)
  4368 | D:4      | Slain by a river rat

Skill      XL: |  1  2  3  4  5  6  7 |
---------------+----------------------+-----
Short Blades   | 1 2 3 4 |  4.5
Throwing       | 1 |  1.2
Dodging        | 3 4 |  4.0
Fighting       | 3 |  3.6
Stealth        | 1 |  1.4
Armour         | 3 |  3.8
Staves         | 1 |  1.4
Long Blades    | |  3.2

Action                   |  1- 3 |  4- 6 |  7- 9 || total
-------------------------+-------+-------+-------++-------
Melee: Short sword       |    99 |   171 |       ||   270
       Falchion          |     9 |       |       ||     9
       Peck              |     3 |    62 |    17 ||    82
       Quarterstaff      |       |    23 |       ||    23
       Dagger            |       |    15 |    70 ||    85
Throw: Stone             |    20 |     4 |    11 ||    35
Invok: Berserk           |     3 |     5 |     1 ||     9
       Trog's Hand       |       |     1 |     1 ||     2
  Use: Scroll            |     6 |     3 |       ||     9
       Potion            |     1 |     2 |     2 ||     5
  Eat: Chunk             |     5 |     3 |     2 ||    10
       Meat ration       |       |     2 |       ||     2
Armor: Animal skin       |     7 |       |       ||     7
       Leather armour    |     9 |       |       ||     9
       Ring mail         |       |    44 |       ||    44
       Chain mail        |       |     5 |    32 ||    37
Dodge: Dodged            |    72 |   174 |    41 ||   287
Block: Buckler           |       |     4 |    18 ||    22
       Rpst.: Falchion   |     3 |       |       ||     3
